[Event "Titled Tuesday Blitz June 6 Early 2023"]
[White "Papayan, Oleg"]
[Black "Schuh, Karsten"]
[WhiteFideId "4193911"]
[BlackFideId "4637950"]
[WhiteElo "2167"]
[BlackElo "2177"]
[Result "1-0"]
[Round "11"]
[TimeControl "180+2"]
[Date "2023.06.06"]
[WhiteClock "0:00:03"]
[BlackClock "0:00:09"]
[Board "87"]

1. e4 c5 2. d4 cxd4 3. Qxd4 Nc6 4. Qd3 Nf6 5. Nc3 d6 6. Nf3 a6 7. Be2 e6 8. Bf4 Be7 9. O-O-O O-O 10. Bxd6 Bxd6 11. Qxd6 Qb6 12. Rhf1 Rd8 13. Qa3 Bd7 14. Qb3 Qc7 15. Kb1 b5 16. Bd3 Rab8 17. Ne2 a5 18. Ned4 Nxd4 19. Nxd4 b4 20. Qc4 Qxh2 21. g3 Qg2 22. Nc6 Bxc6 23. Qxc6 Rdc8 24. Qa6 Nxe4 25. Qxa5 Nc5 26. Qa7 Qc6 27. Qe7 Nxd3 28. cxd3 b3 29. a3 Qa6 30. Qd6 Rd8 31. Qc7 Rbc8 32. Qf4 Rxd3 33. Qe4 Rcd8 34. Rxd3 Qxd3+ 35. Qxd3 Rd4 36. Rc1 Rxd3 37. Rc8+ 1-0


[Site "https://www.chess.com"]

[Event "Titled Tuesday Blitz June 6 Early 2023"]
[White "Estrada Nieto, Julian"]
[Black "Llanos, Guillermo"]
[WhiteFideId "5101018"]
[BlackFideId "100358"]
[WhiteElo "2161"]
[BlackElo "2210"]
[Result "0-1"]
[Round "11"]
[TimeControl "180+2"]
[Date "2023.06.06"]
[WhiteClock "0:00:14"]
[BlackClock "0:00:17"]
[Board "88"]

1. e4 Nf6 2. e5 Nd5 3. d4 d6 4. Nf3 Bg4 5. Be2 e6 6. O-O Be7 7. h3 Bh5 8. c4 Nb6 9. exd6 cxd6 10. Nc3 O-O 11. b3 d5 12. c5 N6d7 13. Bf4 Nc6 14. Rb1 a6 15. b4 Bf6 16. Be3 Bg6 17. Bd3 b5 18. Bxg6 hxg6 19. a4 Rb8 20. axb5 axb5 21. Qd3 Qc8 22. Rfd1 Qb7 23. Bf4 Nxd4 24. Nxd4 e5 25. Be3 exd4 26. Bxd4 Bxd4 27. Qxd4 Nf6 28. Nxd5 Nxd5 29. Qxd5 Qa6 30. Ra1 Qf6 31. Qd6 Qb2 32. Qd4 Qb3 33. Rd3 Qc2 34. Qc3 Qe2 35. Re1 Qh5 36. Re5 Qh4 37. Rd4 Qf6 38. Rd6 Qf4 39. Rd4 Qxe5 40. c6 Rbc8 41. g3 Rxc6 42. Qxc6 Qxd4 43. Qxb5 Rd8 44. Qa5 Qd1+ 45. Kh2 Qd4 46. Kg1 Rb8 47. b5 Qb6 48. Qd2 Qxb5 49. Kh2 Qb6 50. h4 Qb5 51. Qe3 Re8 52. Qf4 Qe5 53. Qf3 Qe4 54. Qc3 Qe5 55. Qc4 Qe6 56. Qc5 Rc8 57. Qd4 Re8 58. Qc5 Qe4 59. Qb6 Ra8 60. Qc7 Ra1 61. Qd8+ Kh7 62. f3 Qxf3 0-1


[Site "https://www.chess.com"]

[Event "Titled Tuesday Blitz June 6 Early 2023"]
[White "MunichMouse"]
[Black "Khromkin, Andrey"]
[BlackFideId "4154126"]
[WhiteElo "2300"]
[BlackElo "2445"]
[Result "0-1"]
[Round "11"]
[TimeControl "180+2"]
[Date "2023.06.06"]
[WhiteClock "0:00:14"]
[BlackClock "0:00:19"]
[Board "89"]

1. d4 d5 2. c4 dxc4 3. e3 e5 4. Bxc4 exd4 5. Nf3 Bb4+ 6. Bd2 Bxd2+ 7. Qxd2 Nf6 8. Qxd4 O-O 9. Nc3 Nc6 10. Qh4 Bg4 11. Rd1 Qe7 12. O-O Bxf3 13. gxf3 Ne5 14. Be2 Rad8 15. f4 Ng6 16. Qg5 h6 17. Qf5 Nh4 18. Qh3 Ng6 19. Bc4 c6 20. Kh1 Ne4 21. Bd3 Nxc3 22. bxc3 Nh4 23. Bb1 b5 24. Qg3 c5 25. h3 Qb7+ 26. e4 Nf5 27. Qg2 Nd6 28. e5 Qxg2+ 29. Kxg2 Nc4 30. Bd3 Nb2 31. Be2 Nxd1 32. Bxd1 Rd2 33. a4 b4 34. cxb4 cxb4 35. Bf3 b3 36. Rb1 b2 37. a5 Rc8 38. Be4 Rc1 39. Kf3 Rxb1 40. Bxb1 Rd1 0-1


[Site "https://www.chess.com"]

[Event "Titled Tuesday Blitz June 6 Early 2023"]
[White "Balla, Tamas-Kristof"]
[Black "Samaganova, Aleksandra"]
[WhiteFideId "1208497"]
[BlackFideId "13800221"]
[WhiteElo "2334"]
[BlackElo "1858"]
[Result "1-0"]
[Round "11"]
[TimeControl "180+2"]
[Date "2023.06.06"]
[WhiteClock "0:00:43"]
[BlackClock "0:00:02"]
[Board "90"]

1. e4 c5 2. Nf3 e6 3. c3 Nf6 4. e5 Nd5 5. d4 cxd4 6. cxd4 d6 7. a3 Nc6 8. Bd3 Be7 9. O-O O-O 10. Qe2 g6 11. Bh6 Re8 12. Rd1 Bd7 13. Nbd2 a6 14. Ne4 dxe5 15. dxe5 b5 16. Rac1 Rc8 17. Nd6 Bxd6 18. exd6 f6 19. b4 Qb6 20. Qb2 Nd8 21. Rxc8 Bxc8 22. Qc2 f5 23. Qxc8 Qxd6 24. Qa8 Qe7 25. Bg5 Qd7 26. Ne5 Qc7 27. f4 h6 28. Bxh6 Kh7 29. Bg5 Kg7 30. Qxa6 Qb6+ 31. Qxb6 Nxb6 32. Bxb5 Rf8 33. Rxd8 Rxd8 34. Bxd8 Nd5 35. a4 1-0


[Site "https://www.chess.com"]

[Event "Titled Tuesday Blitz June 6 Early 2023"]
[White "Antonova, Nadezhda"]
[Black "Shapiro, Viktor"]
[WhiteFideId "14700182"]
[BlackFideId "4175700"]
[WhiteElo "1795"]
[BlackElo "2212"]
[Result "0-1"]
[Round "11"]
[TimeControl "180+2"]
[Date "2023.06.06"]
[WhiteClock "0:00:01"]
[BlackClock "0:02:17"]
[Board "91"]

1. Nf3 Nf6 2. b3 d5 3. Bb2 Bf5 4. g3 e6 5. Bg2 Be7 6. O-O h6 7. d3 O-O 8. Nbd2 Bh7 9. c4 c6 10. Qc2 a5 11. a3 Nbd7 12. Ne5 Rc8 13. Nxd7 Nxd7 14. Bc3 Bf6 15. b4 axb4 16. axb4 b5 17. Bxf6 Qxf6 18. Ra7 Ne5 19. Rfa1 bxc4 20. Qc3 Nf3+ 21. Nxf3 Qxc3 22. dxc4 Qxa1+ 23. Rxa1 Ra8 24. Rc1 Ra4 25. Ne5 Rxb4 26. Nxc6 Rb2 27. cxd5 exd5 28. Bxd5 Rxe2 29. Rf1 Be4 30. Bxe4 Rxe4 31. Rc1 g5 0-1


[Site "https://www.chess.com"]

[Event "Titled Tuesday Blitz June 6 Early 2023"]
[White "Barbot, Pierre"]
[Black "Novikov, Evgenij"]
[WhiteFideId "663727"]
[BlackFideId "4125380"]
[WhiteElo "2431"]
[BlackElo "2242"]
[Result "0-1"]
[Round "11"]
[TimeControl "180+2"]
[Date "2023.06.06"]
[WhiteClock "0:00:02"]
[BlackClock "0:00:02"]
[Board "92"]

1. d4 d5 2. Nf3 c5 3. c4 e6 4. Nc3 Nf6 5. cxd5 exd5 6. g3 Nc6 7. Bg2 Be6 8. O-O Be7 9. Bg5 c4 10. b3 cxb3 11. Qxb3 Na5 12. Qa4+ Bd7 13. Qc2 Rc8 14. Qd3 Bc6 15. Ne5 O-O 16. Rac1 h6 17. Bf4 g5 18. Be3 Nc4 19. Bh3 Nxe5 20. dxe5 Nd7 21. e6 Ne5 22. Qf5 Bf6 23. Bd4 Nf3+ 24. Qxf3 Bxd4 25. e7 Qxe7 26. Bxc8 Rxc8 27. Nxd5 Qe6 28. e4 Kg7 29. Rfd1 Be5 30. Nb4 Ba4 31. Re1 Rd8 32. Nd5 Bc6 33. Rb1 a6 34. Rb6 f6 35. Reb1 Qf7 36. a3 Bd4 37. R6b4 Bc5 38. R4b3 Bd4 39. Qd3 Be5 40. Qc4 Bb5 41. Qc5 Bc6 42. Qb6 h5 43. a4 h4 44. a5 hxg3 45. hxg3 f5 46. f4 fxe4 47. fxe5 Qxd5 48. Qe3 Kg6 49. R3b2 Qxe5 50. Rf2 Rd3 51. Qe2 Rxg3+ 52. Kf1 e3 53. Rh2 Qf4+ 54. Ke1 Rg1+ 0-1


[Site "https://www.chess.com"]

[Event "Titled Tuesday Blitz June 6 Early 2023"]
[White "Czerw, Dawid"]
[Black "Manon-og, Ramon Jr."]
[WhiteFideId "1145746"]
[BlackFideId "5200776"]
[WhiteElo "2144"]
[BlackElo "2376"]
[Result "1-0"]
[Round "11"]
[TimeControl "180+2"]
[Date "2023.06.06"]
[WhiteClock "0:00:14"]
[BlackClock "0:00:19"]
[Board "93"]

1. e4 c5 2. Nf3 d6 3. d4 cxd4 4. Nxd4 Nf6 5. Nc3 a6 6. h4 e5 7. Nb3 h6 8. Be2 Be6 9. f4 exf4 10. Bxf4 Nc6 11. Qd2 Be7 12. O-O-O Ne5 13. Nd4 Neg4 14. Rhf1 O-O 15. Nxe6 fxe6 16. h5 Nxh5 17. Bxg4 Nxf4 18. g3 Ng6 19. Bxe6+ Kh8 20. Kb1 Ne5 21. Nd5 Bg5 22. Qb4 Nf3 23. Bf5 Ne5 24. Nf4 Qf6 25. Rxd6 Qe7 26. Rfd1 Nc6 27. Ng6+ Kg8 28. Nxe7+ Bxe7 29. Qc4+ Kh8 30. Rd7 Bf6 31. Qb3 b5 32. a3 Na5 33. Qe6 Nc4 34. b3 Nxa3+ 35. Ka2 Nxc2 36. e5 Rae8 37. exf6 Rxe6 38. fxg7+ Kg8 39. gxf8=Q+ Kxf8 40. Bxe6 Nb4+ 41. Kb2 Nc6 42. Rc7 Ne5 43. Rd8# 1-0


[Site "https://www.chess.com"]

[Event "Titled Tuesday Blitz June 6 Early 2023"]
[White "Bruedigam, Martin"]
[Black "Baraeva, Irina"]
[WhiteFideId "24608033"]
[BlackFideId "24142565"]
[WhiteElo "2331"]
[BlackElo "2085"]
[Result "0-1"]
[Round "11"]
[TimeControl "180+2"]
[Date "2023.06.06"]
[WhiteClock "0:00:01"]
[BlackClock "0:00:07"]
[Board "94"]

1. d4 d5 2. c4 c6 3. Nf3 Nf6 4. e3 a6 5. Bd3 Bg4 6. h3 Bh5 7. Nc3 e6 8. O-O Be7 9. b3 O-O 10. Bb2 b5 11. Be2 Nbd7 12. Rc1 Rc8 13. Ne5 Bxe2 14. Qxe2 Nxe5 15. dxe5 Nd7 16. f4 Bc5 17. Kh1 f6 18. exf6 Nxf6 19. cxb5 axb5 20. Rfd1 Qb6 21. Rd3 Rce8 22. a4 b4 23. Nd1 Ne4 24. Kh2 Rf7 25. Be5 Bd6 26. Bxd6 Nxd6 27. Nf2 c5 28. Ng4 c4 29. Rdd1 c3 30. Ne5 Rc7 31. Rc2 Nf5 32. Re1 d4 33. Nc4 Qb8 34. e4 Ne7 35. Nd6 Rd8 36. e5 Nd5 37. Qe4 Ne3 38. Rxe3 dxe3 39. Qxe3 Rcd7 40. a5 Qb5 41. Ra2 Qa6 42. Qd4 Rxd6 43. exd6 Rxd6 44. Qxb4 Rc6 45. Rc2 Qd3 46. Rc1 Rc8 47. a6 c2 48. a7 Qd1 49. Qb8 Qd8 50. Rxc2 Rxb8 51. axb8=Q Qxb8 52. Rf2 Qxb3 53. Re2 Qc4 54. Kg3 Qxe2 0-1


[Site "https://www.chess.com"]

[Event "Titled Tuesday Blitz June 6 Early 2023"]
[White "Camilla_Lee"]
[Black "Hoffmann, Asa"]
[BlackFideId "2001470"]
[WhiteElo "2488"]
[BlackElo "2117"]
[Result "1-0"]
[Round "11"]
[TimeControl "180+2"]
[Date "2023.06.06"]
[WhiteClock "0:00:04"]
[BlackClock "0:00:01"]
[Board "95"]

1. e4 d6 2. d4 Nf6 3. Nc3 c6 4. f4 Qa5 5. Bd3 e5 6. Nf3 exd4 7. Nxd4 Qb6 8. Be3 Ng4 9. Bg1 Qxb2 10. Nde2 Qa3 11. h3 Nf6 12. Bd4 Be7 13. e5 Nd5 14. Nxd5 cxd5 15. exd6 Qxd6 16. Bxg7 Rg8 17. Be5 Qb6 18. Rb1 Qe3 19. Bd4 Qe6 20. f5 Qh6 21. O-O Nc6 22. Bb5 Qxh3 23. Nf4 Qxf5 24. Qe2 Qe4 25. Qxe4 dxe4 26. Nd5 Bd8 27. Rbe1 f5 28. Bc3 Be6 29. Nf4 Bf7 30. Nh3 Be6 31. Nf4 Bd7 32. Bc4 Rf8 33. Nh5 Bb6+ 34. Kh2 O-O-O 35. Be5 Bc7 36. Bxc7 Kxc7 37. Nf4 Rf6 38. Nd5+ Kd6 39. Nxf6 Kc5 40. Bb3 Be8 41. Rxf5+ Kb4 42. Rxe4+ Ka3 43. Nd5 Bg6 44. Ra4+ Kb2 45. Rf2 Ne5 46. c4+ Ka1 47. c5 Ng4+ 48. Kg3 Nxf2 49. Kxf2 Be4 50. Ne3 Bc6 51. Rc4 Kb2 52. Rc2+ Ka3 53. Nc4+ Kb4 54. Ne3 Rf8+ 55. Ke2 Re8 56. Kd2 Rd8+ 57. Ke2 Re8 58. Rc4+ Kb5 59. Rh4 Kxc5 60. Rxh7 Bxg2 61. Kd2 Bc6 62. Rh5+ Kb6 63. Nc4+ Kc7 64. Rh7+ Kb8 65. Kc3 a6 66. Na5 Be4 67. Rg7 Rc8+ 68. Kd4 Re8 69. Nc4 Bc6 70. Nd6 Rd8 71. Kc5 Rf8 72. Bc4 Rh8 73. Re7 Ka7 74. Kb4 Rh6 75. Nf5 Rf6 76. Nd4 Rd6 77. Nxc6+ Rxc6 78. Bd5 Rb6+ 79. Kc5 Rb5+ 80. Kc4 Rb2 81. Kc5 Rc2+ 82. Kd6 Rd2 83. Rh7 Rb2 84. a4 a5 85. Rh5 Ka6 86. Rh7 b5 87. axb5+ Rxb5 88. Bc4 1-0


[Site "https://www.chess.com"]

[Event "Titled Tuesday Blitz June 6 Early 2023"]
[White "Zenin, Dmitry"]
[Black "Srdanovic, Jovana"]
[WhiteFideId "4127897"]
[BlackFideId "954810"]
[WhiteElo "2215"]
[BlackElo "2155"]
[Result "1-0"]
[Round "11"]
[TimeControl "180+2"]
[Date "2023.06.06"]
[WhiteClock "0:01:15"]
[BlackClock "0:01:56"]
[Board "96"]

1. d4 d5 2. c4 c6 3. cxd5 cxd5 4. Bf4 Nf6 5. Nc3 Nc6 6. e3 a6 7. Rc1 Bf5 8. Nf3 e6 9. Qb3 Ra7 10. Be2 Be7 11. h3 h6 12. O-O O-O 13. Ne5 Na5 14. Qd1 b5 15. b4 Bxb4 16. a4 Ba3 17. axb5 Bxc1 18. Qxc1 axb5 19. Nxb5 Rb7 20. Qa3 Nc4 21. Nxc4 dxc4 22. Bxc4 Nd5 23. Bd6 Re8 24. Bg3 Qa8 25. Qxa8 Rxa8 26. Nd6 Rb4 27. Bxd5 exd5 28. Nxf5 Ra7 29. Rc1 Kh7 30. Rc8 g6 31. Nd6 Kg7 32. Be5+ f6 33. Ne8+ Kf7 34. Nxf6 Ra6 35. Nxd5 Rb1+ 36. Kh2 Ra2 37. Rc7+ Ke8 38. Bg3 Raa1 39. Bd6 Rb2 40. Nf6+ Kd8 41. Ne4 Ra6 42. Rg7 g5 43. Rh7 Rxf2 44. Nxf2 Rxd6 1-0


[Site "https://www.chess.com"]

[Event "Titled Tuesday Blitz June 6 Early 2023"]
[White "LangesNasenhaar"]
[Black "Mejia, Cherry Ann"]
[BlackFideId "5206880"]
[WhiteElo "2462"]
[BlackElo "2007"]
[Result "0-1"]
[Round "11"]
[TimeControl "180+2"]
[Date "2023.06.06"]
[WhiteClock "0:00:05"]
[BlackClock "0:00:14"]
[Board "97"]

1. d4 d5 2. Nc3 Nf6 3. Bf4 a6 4. e3 c5 5. dxc5 Nc6 6. Na4 e5 7. Bg5 Bxc5 8. Nxc5 Qa5+ 9. c3 Qxc5 10. Bxf6 gxf6 11. Nf3 Bg4 12. Be2 Rd8 13. Qa4 Bd7 14. Qh4 Qe7 15. O-O O-O 16. Qh6 Kh8 17. g3 Rg8 18. Nh4 Qe6 19. Bh5 f5 20. Qxe6 fxe6 21. Rfd1 Be8 22. Be2 Bg6 23. b4 Ne7 24. Nf3 Nc6 25. Nd2 d4 26. exd4 exd4 27. cxd4 Rxd4 28. Nb3 Rxb4 29. Rd6 Re8 30. Nc5 Nd4 31. Bd1 e5 32. a3 Rb5 33. Nd7 Rd8 34. Rc1 Be8 35. Ba4 Ne2+ 36. Kg2 Nxc1 37. Bxb5 axb5 38. Rd1 Bxd7 39. Rxc1 Bc6+ 40. Kh3 Ra8 41. Rc3 Kg7 42. Kh4 Kf6 43. Kh5 Ra4 44. h4 b4 45. axb4 Rxb4 46. Rd3 Rb2 47. Rd6+ Ke7 48. Rh6 Rxf2 49. Rxh7+ Kd6 50. Kg5 Rf3 51. h5 Be4 52. g4 fxg4 53. Rh6+ Kc5 54. Rh8 g3 55. Rg8 g2 56. Kh4 Rf1 57. h6 g1=Q 0-1


[Site "https://www.chess.com"]

[Event "Titled Tuesday Blitz June 6 Early 2023"]
[White "Rian, Kapriaga"]
[Black "Camacho Collados, Jose"]
[WhiteFideId "7103263"]
[BlackFideId "2265427"]
[WhiteElo "2329"]
[BlackElo "2212"]
[Result "0-1"]
[Round "11"]
[TimeControl "180+2"]
[Date "2023.06.06"]
[WhiteClock "0:00:02"]
[BlackClock "0:01:06"]
[Board "98"]

1. d4 d5 2. c4 dxc4 3. Nf3 Nf6 4. e3 b5 5. a4 c6 6. b3 Bg4 7. bxc4 b4 8. a5 e6 9. Nbd2 Be7 10. h3 Bh5 11. Be2 O-O 12. O-O c5 13. Bb2 Nc6 14. Qa4 Rc8 15. Rfd1 Qc7 16. Nb3 Ne4 17. d5 Nd8 18. Nbd2 exd5 19. cxd5 Nxd2 20. Rxd2 c4 21. d6 Bxd6 22. Bxc4 Bxf3 23. gxf3 Qxc4 24. Rxd6 Qe2 25. Qxb4 Rc2 26. Qe1 Qxe1+ 27. Rxe1 Rxb2 28. Rd7 Nc6 29. Rc7 Nxa5 30. Rxa7 Nc6 31. Rc7 Ne5 32. Kg2 Nd3 33. Rf1 Rd8 34. Ra7 h5 35. f4 h4 36. Kf3 f5 37. Ra5 g6 38. Ra6 Kg7 39. Ra7+ Kh6 40. Ra6 Rc8 41. Rd6 Rd2 0-1


[Site "https://www.chess.com"]

[Event "Titled Tuesday Blitz June 6 Early 2023"]
[White "Ramirez Vido, Robert Yorisan"]
[Black "Georg, Heinz"]
[WhiteFideId "3513823"]
[BlackFideId "4607295"]
[WhiteElo "2444"]
[BlackElo "2329"]
[Result "0-1"]
[Round "11"]
[TimeControl "180+2"]
[Date "2023.06.06"]
[WhiteClock "0:00:19"]
[BlackClock "0:00:29"]
[Board "99"]

1. f4 e5 2. fxe5 Nc6 3. Nf3 g5 4. d4 g4 5. Nfd2 d6 6. exd6 Bxd6 7. Nc4 Qh4+ 8. Kd2 Bxh2 9. e3 Be6 10. Nc3 O-O-O 11. Qe1 Qh6 12. Bd3 Rxd4 13. Rxh2 Rxd3+ 14. cxd3 Qxh2 15. Qf2 Nh6 16. Kc2 Nb4+ 17. Kd2 Bxc4 18. dxc4 Rd8+ 19. Ke2 g3 20. Qf3 Qh4 21. Bd2 Qxc4+ 22. Kd1 Rxd2+ 23. Kxd2 Qd3+ 24. Ke1 Nc2# 0-1


[Site "https://www.chess.com"]

[Event "Titled Tuesday Blitz June 6 Early 2023"]
[White "Zaksaite, Salomeja"]
[Black "Xu, Daniel"]
[WhiteFideId "12801496"]
[BlackFideId "2627345"]
[WhiteElo "2059"]
[BlackElo "1980"]
[Result "1-0"]
[Round "11"]
[TimeControl "180+2"]
[Date "2023.06.06"]
[WhiteClock "0:00:08"]
[BlackClock "0:00:02"]
[Board "100"]

1. e4 c5 2. Nf3 d6 3. d4 cxd4 4. Nxd4 Nf6 5. Nc3 a6 6. Bc4 e6 7. Bb3 Nc6 8. Be3 Be7 9. Qe2 O-O 10. O-O-O Qc7 11. Rhg1 b5 12. g4 b4 13. g5 bxc3 14. gxf6 cxb2+ 15. Kb1 Bxf6 16. Nxc6 Qxc6 17. e5 Bxe5 18. Bh6 g6 19. Bxf8 Kxf8 20. f4 Bf6 21. f5 gxf5 22. Qh5 a5 23. a4 Rb8 24. Qxh7 Rxb3 25. cxb3 Qe4+ 26. Ka2 Qc2 27. Rb1 Bb7 28. Qg8+ Ke7 29. Qb8 Qc6 30. Rg8 e5 31. Qd8+ Ke6 32. Re8+ Kd5 33. Qxf6 1-0


[Site "https://www.chess.com"]

[Event "Titled Tuesday Blitz June 6 Early 2023"]
[White "Pavlidou, Ekaterini"]
[Black "Buchenau, Frank"]
[WhiteFideId "4213262"]
[BlackFideId "4604350"]
[WhiteElo "2126"]
[BlackElo "2157"]
[Result "1-0"]
[Round "11"]
[TimeControl "180+2"]
[Date "2023.06.06"]
[WhiteClock "0:01:11"]
[BlackClock "0:00:03"]
[Board "101"]

1. d4 e6 2. c4 Nf6 3. Nc3 Bb4 4. e3 O-O 5. Bd2 b6 6. Nf3 Bb7 7. Bd3 c5 8. a3 Bxc3 9. Bxc3 Ne4 10. Qc2 f5 11. dxc5 Nxc5 12. Be2 Be4 13. Qd1 Qe7 14. b4 Nb7 15. Nd2 d6 16. Nxe4 fxe4 17. Qd4 Qf6 18. Qxf6 gxf6 19. f3 f5 20. g4 f4 21. exf4 e3 22. f5 exf5 23. gxf5 Rxf5 24. Rg1+ Kf8 25. O-O-O Nc6 26. Rg7 Rf7 27. Rdg1 Rxg7 28. Rxg7 Nbd8 29. Rxh7 Nf7 30. f4 Ne7 31. Bh5 Nd8 32. Rh8+ Ng8 33. Rh7 Rc8 34. Bg7+ Ke7 35. Be5+ Kf8 36. Bxd6+ Ne7 37. Bxe7+ Kg8 38. Rh6 Rxc4+ 39. Kd1 Nc6 40. Bh4 Rxf4 41. Bg3 Rc4 42. Be2 Rc3 43. Be1 Kg7 44. Rd6 Rxa3 45. Rxc6 Ra1+ 46. Rc1 Rxc1+ 47. Kxc1 a5 48. bxa5 bxa5 49. Bxa5 1-0


[Site "https://www.chess.com"]

[Event "Titled Tuesday Blitz June 6 Early 2023"]
[White "Rosh Jain"]
[Black "Toktomushev, Teimur"]
[WhiteFideId "25789465"]
[BlackFideId "14176726"]
[WhiteElo "2233"]
[BlackElo "2116"]
[Result "0-1"]
[Round "11"]
[TimeControl "180+2"]
[Date "2023.06.06"]
[WhiteClock "0:00:01"]
[BlackClock "0:00:03"]
[Board "102"]

1. e4 c5 2. Nc3 e6 3. Nge2 a6 4. g3 b5 5. Bg2 Bb7 6. d3 Nc6 7. O-O Qc7 8. f4 d6 9. Be3 Nf6 10. d4 Ng4 11. Qd3 Nb4 12. Qd2 Nxe3 13. Qxe3 Nxc2 14. Qd2 Nxa1 15. Rxa1 g6 16. d5 Bg7 17. Rd1 Rd8 18. a3 O-O 19. b3 b4 20. axb4 cxb4 21. Na4 exd5 22. exd5 Rfe8 23. Bf3 Ba8 24. Qxb4 Qa7+ 25. Kg2 Re3 26. Qc4 Qb8 27. b4 Qb5 28. Qxb5 axb5 29. Nb6 Rb8 30. Nxa8 Rxa8 31. Rc1 h5 32. Rc6 Rd8 33. Rb6 h4 34. Rxb5 h3+ 35. Kf2 Rb3 36. Bg4 f5 37. Bxh3 Rb2 38. Bf1 Re8 39. Rb7 Bd4+ 40. Kg2 Rexe2+ 41. Bxe2 Rxe2+ 42. Kh1 Re1+ 43. Kg2 Re2+ 44. Kh1 Rb2 45. b5 Bc5 46. h4 Kh8 47. h5 gxh5 48. Rf7 h4 49. gxh4 Rxb5 50. Rxf5 Rb2 51. Rg5 Kh7 52. f5 Rf2 53. h5 Kh6 54. Rg6+ Kxh5 55. Rf6 Kg5 56. Rg6+ Kxf5 57. Re6 Rd2 58. Rf6+ Ke5 59. Rf5+ Kd4 60. Rg5 Kc4 61. Rg4+ Rd4 62. Rg5 Rxd5 63. Rg4+ Rd4 64. Rg5 d5 65. Kg2 Re4 66. Kf3 Re7 67. Rg4+ d4 68. Rg2 d3 69. Ra2 Kc3 70. Ra4 d2 71. Ra1 Kc2 72. Ra2+ Kc1 73. Ra1+ Kb2 74. Rh1 Re1 75. Rh2 Kc1 76. Kg3 d1=Q 77. Kh3 Qf3+ 0-1


[Site "https://www.chess.com"]

[Event "Titled Tuesday Blitz June 6 Early 2023"]
[White "Fernandez Garcia, Gumersindo"]
[Black "Rodriguez Santiago, Jaime"]
[WhiteFideId "24516740"]
[BlackFideId "3100898"]
[WhiteElo "2093"]
[BlackElo "2025"]
[Result "1-0"]
[Round "11"]
[TimeControl "180+2"]
[Date "2023.06.06"]
[WhiteClock "0:00:34"]
[BlackClock "0:00:15"]
[Board "103"]

1. e4 c6 2. c4 d5 3. cxd5 cxd5 4. exd5 Nf6 5. Nc3 a6 6. Nf3 Nbd7 7. d4 Nb6 8. d6 e6 9. Bg5 h6 10. Bh4 g5 11. Bg3 Bxd6 12. Bd3 Nbd5 13. Qe2 Nf4 14. Bxf4 Bxf4 15. O-O Nd5 16. Rad1 Nf6 17. d5 Qa5 18. dxe6 Bxe6 19. Bc4 Ke7 20. Rfe1 Qb6 21. Bxe6 fxe6 22. Nd4 Kf7 23. g3 Bc7 24. Qf3 Rhe8 25. Ne4 e5 26. Nf5 Kg6 27. Nfd6 Re6 28. Qf5+ Kg7 29. Qxe6 Rf8 30. Nxf6 Rxf6 31. Ne8+ Kf8 32. Qxf6+ 1-0


[Site "https://www.chess.com"]

[Event "Titled Tuesday Blitz June 6 Early 2023"]
[White "Marchesich, Giovanni"]
[Black "Avazkhonov, Alikhon"]
[WhiteFideId "2824790"]
[BlackFideId "14208504"]
[WhiteElo "2213"]
[BlackElo "1739"]
[Result "0-1"]
[Round "11"]
[TimeControl "180+2"]
[Date "2023.06.06"]
[WhiteClock "0:00:20"]
[BlackClock "0:00:05"]
[Board "104"]

1. e4 c5 2. Nf3 d6 3. Nc3 Nf6 4. e5 dxe5 5. Nxe5 a6 6. g3 Qd6 7. f4 Nc6 8. Nxc6 Qxc6 9. Rg1 h5 10. Bg2 Qd6 11. h3 h4 12. d3 hxg3 13. Qf3 Bxh3 14. Qxb7 Bxg2 15. Qxg2 Qe6+ 16. Kf1 Rd8 17. Bd2 Rh2 18. Qxg3 Rxd2 19. Re1 Qf5 20. Qf3 Qh5 21. Qc6+ Nd7 22. Re3 Qh2 23. Qf3 g6 24. Nd5 e6 25. Nc7+ Ke7 26. Nd5+ Kd6 27. Nc3 Nf6 28. Ne4+ Nxe4 29. Rxe4 Bg7 30. Ra4 Bd4 31. Rxa6+ Ke7 32. Ra7+ Kf6 33. Rh1 Rf2+ 34. Ke1 Rxf3 35. Rxh2 Rxf4 36. Rh7 Rf8 37. c3 Be5 38. a4 Kg5 39. a5 f5 40. a6 Ra4 41. Rhe7 Bb8 42. Ra8 Kf6 43. Rb7 Bg3+ 44. Ke2 Rxa8 45. Rb6 R8xa6 46. Rb7 Ra7 47. Rb8 Ra2 0-1


[Site "https://www.chess.com"]

[Event "Titled Tuesday Blitz June 6 Early 2023"]
[White "Antonio, Jorge Carlos"]
[Black "Gatterer, Florian"]
[WhiteFideId "113190"]
[BlackFideId "811688"]
[WhiteElo "2247"]
[BlackElo "2221"]
[Result "1/2-1/2"]
[Round "11"]
[TimeControl "180+2"]
[Date "2023.06.06"]
[WhiteClock "0:02:44"]
[BlackClock "0:02:50"]
[Board "105"]

1. d4 d5 2. Nf3 Nf6 3. Bf4 c5 4. e3 Nc6 5. c3 Bg4 6. h3 Bxf3 7. Qxf3 e6 8. Bd3 Bd6 9. Bxd6 Qxd6 10. O-O e5 11. Qg3 O-O 1/2-1/2


[Site "https://www.chess.com"]

[Event "Titled Tuesday Blitz June 6 Early 2023"]
[White "Afanasieva, Alexandra"]
[Black "Vyatkin, Dmitry"]
[WhiteFideId "34126926"]
[BlackFideId "4171900"]
[WhiteElo "1736"]
[BlackElo "2279"]
[Result "0-1"]
[Round "11"]
[TimeControl "180+2"]
[Date "2023.06.06"]
[WhiteClock "0:00:15"]
[BlackClock "0:01:37"]
[Board "106"]

1. e4 e6 2. d4 d5 3. Nc3 Nf6 4. Bg5 Be7 5. Bxf6 Bxf6 6. Nf3 O-O 7. Bd3 c5 8. e5 Be7 9. O-O cxd4 10. Nxd4 Nc6 11. Nxc6 bxc6 12. Qh5 g6 13. Qf3 f6 14. Qg3 fxe5 15. Bxg6 Bh4 16. Qg4 Rf4 17. Bxh7+ Kxh7 18. Qh5+ Kg7 19. Qxe5+ Qf6 20. Qc7+ Qf7 21. Qe5+ Kg8 22. g3 Rf5 23. Qe2 Bf6 24. Na4 e5 25. f4 exf4 26. gxf4 Rh5 27. Kh1 Bf5 28. Nc5 Re8 29. Qg2+ Kh8 30. Rae1 Rg8 31. Qf3 Qh7 32. Rf2 Bd4 0-1


[Site "https://www.chess.com"]

[Event "Titled Tuesday Blitz June 6 Early 2023"]
[White "Koridze, Lile"]
[Black "mohsengabr2002"]
[WhiteFideId "13612514"]
[WhiteElo "2047"]
[BlackElo "2253"]
[Result "1/2-1/2"]
[Round "11"]
[TimeControl "180+2"]
[Date "2023.06.06"]
[WhiteClock "0:00:19"]
[BlackClock "0:01:04"]
[Board "107"]

1. d4 f6 2. e4 g6 3. c4 e6 4. Nf3 Nh6 5. e5 Nf7 6. exf6 Qxf6 7. Nc3 Bb4 8. Qc2 d5 9. cxd5 exd5 10. Bd3 c6 11. O-O O-O 12. Ne2 Bg4 13. Nd2 Bxe2 14. Bxe2 Qxd4 15. Nf3 Qf6 16. Qb3 Qe7 17. a3 Qxe2 18. Qxb4 Qa6 19. Bf4 Nd7 20. Qe7 Nb6 21. Ng5 Rae8 22. Qc7 Na8 23. Qd7 Nb6 24. Qg4 Nxg5 25. Bxg5 Qc4 26. Qh3 Rf5 27. Be3 d4 28. Bd2 c5 29. Rfe1 Ref8 30. Re7 R8f7 31. Re8+ Rf8 32. Re7 R8f7 33. Re8+ Rf8 34. Re7 1/2-1/2


[Site "https://www.chess.com"]

[Event "Titled Tuesday Blitz June 6 Early 2023"]
[White "Francisco_Ferrari"]
[Black "Tarasova, Viktoriya"]
[BlackFideId "4175840"]
[WhiteElo "2166"]
[BlackElo "2182"]
[Result "1-0"]
[Round "11"]
[TimeControl "180+2"]
[Date "2023.06.06"]
[WhiteClock "0:00:06"]
[BlackClock "0:00:04"]
[Board "108"]

1. c4 Nf6 2. Nc3 e5 3. g3 Bb4 4. Bg2 O-O 5. Nf3 e4 6. Ng5 Bxc3 7. bxc3 Re8 8. O-O h6 9. Nh3 d6 10. d3 exd3 11. exd3 Nc6 12. Nf4 Bg4 13. Qb3 Rb8 14. Be3 a6 15. h3 Bf5 16. g4 Bd7 17. Rfe1 Ne5 18. Rad1 b5 19. c5 a5 20. cxd6 cxd6 21. Bd4 Qc8 22. Nd5 Nxd5 23. Bxd5 a4 24. Qb4 Bxg4 25. hxg4 Qxg4+ 26. Kf1 Nf3 27. Re3 Rxe3 28. Bxe3 Qh3+ 29. Ke2 Ne5 30. Qe4 Qh5+ 31. Kd2 b4 32. Rg1 bxc3+ 33. Kc2 1-0


[Site "https://www.chess.com"]

[Event "Titled Tuesday Blitz June 6 Early 2023"]
[White "Alexanian, Nelli"]
[Black "Manukian, Artak"]
[WhiteFideId "4170539"]
[BlackFideId "13301373"]
[WhiteElo "2071"]
[BlackElo "2130"]
[Result "0-1"]
[Round "11"]
[TimeControl "180+2"]
[Date "2023.06.06"]
[WhiteClock "0:01:59"]
[BlackClock "0:02:20"]
[Board "109"]

1. d4 Nf6 2. c4 g6 3. Nc3 d5 4. cxd5 Nxd5 5. e4 Nxc3 6. bxc3 Bg7 7. Bc4 O-O 8. Ne2 c5 9. O-O Nc6 10. Be3 Bg4 11. f3 Na5 12. Bd3 cxd4 13. cxd4 Be6 14. d5 Bxa1 15. Qxa1 f6 16. Bh6 Re8 17. Nf4 Bf7 18. Bb5 Qb6+ 0-1


[Site "https://www.chess.com"]